 Dungeon Crawl Stone Soup version 0.30-a0-4-ga7cffc901d (webtiles) character file.

Game seed: 2226624794549227161

213 SensoryNuts the Covered (level 5, 0/33 HPs)
             Began as a Gargoyle Fighter on Aug 21, 2022.
             Slain by an orc wizard
             ... wielding a +0 dagger
              (2 damage)
             ... on level 4 of the Dungeon.
             The game lasted 00:05:26 (3625 turns).

SensoryNuts the Covered (Gargoyle Fighter)          Turns: 3625, Time: 00:05:26

Health: 0/33       AC: 18    Str: 20 (21) XL:     5   Next: 90%
Magic:  5/5        EV:  5    Int:  7 (9)  God:
Gold:   297        SH:  4    Dex:  7 (9)  Spells: 4/4 levels left

rFire   . . .      SeeInvis .    a - +0 war axe
rCold   . . .      Faith    .    c - +0 buckler
rNeg    + . .      Spirit   .    h - +1 plate armour
rPois   ∞          Reflect  .    (no helmet)
rElec   +          Harm     .    (no cloak)
rCorr   .          Rampage  .    q - +0 pair of gloves
Will    .....                    (no boots)
Stlth   ..........               (no amulet)
HPRegen 0.11/turn                (no ring)
MPRegen 0.09/turn                (no ring)

@: no status effects
A: sickness immunity, AC +4, negative energy resistance 1, electricity
resistance, torment resistance 1, petrification resistance
a: no special abilities


You were on level 4 of the Dungeon.
You visited 1 branch of the dungeon, and saw 4 of its levels.

You collected 297 gold pieces.

Inventory:

Hand Weapons
 a - a +0 war axe (weapon)
Armour
 c - a +0 buckler (worn)
 h - a +1 plate armour (worn)
 q - a +0 pair of gloves (worn)
Wands
 s - a wand of roots (5)
Scrolls
 d - a scroll of enchant armour
 j - 2 scrolls of torment


   Skills:
 + Level 3.8 Fighting
 + Level 4.0 Axes
 + Level 4.5 Armour
 + Level 0.5 Dodging
 + Level 3.7 Shields


You had 4 spell levels left.
You didn't know any spells.
Your spell library contained the following spells:

 Spells                   Type           Power      Damage    Failure   Level
 Sandblast                Erth           0%         2d4       100%        1
 Passwall                 Tmut/Erth      0%         N/A       100%        2
 Portal Projectile        Hex/Tloc       0%         N/A       100%        3
 Stone Arrow              Conj/Erth      0%         3d7       100%        3
 Tukima's Dance           Hex            0%         N/A       100%        3
 Passage of Golubria      Tloc           0%         N/A       100%        4
 Blade Hands              Tmut           0%         N/A       100%        5
 Yara's Violent Unravell  Hex/Tmut       0%         3d3       100%        5


Dungeon Overview and Level Annotations

Branches:
Dungeon (4/15)
 Temple: D:4-7

Altars:
Elyvilon
Hepliaklqana
Makhleb
Okawaru
Sif Muna

Shops:
D:1 :


Innate Abilities, Weirdness & Mutations

You are immune to sickness and miasma.
Your stone body is resilient. (AC +4)
You are immune to poison.
You resist negative energy. (rN+)
You are resistant to electric shocks. (rElec)
You are resistant to unholy torment.
You are immune to petrification.


Message History

The dart slug bites you but does no damage.
Unknown command.
You barely miss the orc wizard. You barely miss the dart slug. You hit the orc.
The orc hits you but does no damage. You block the orc wizard's attack.
You block the dart slug's attack.
You hit the orc wizard but do no damage.
You hit the orc.
You kill the orc!
You slash the dart slug!
You kill the dart slug!
The orc wizard hits you with a +0 dagger.
* * * LOW HITPOINT WARNING * * *
The orc wizard hits you but does no damage.
You block the orc's attack.
Your Axes skill increases to level 4!
You barely miss the orc wizard. You hit the orc.
The orc wizard hits you with a +0 dagger.
* * * LOW HITPOINT WARNING * * *
The orc hits you but does no damage.
Unknown command.
You miss the orc wizard. You hit the orc.
You kill the orc!
The orc wizard hits you but does no damage.
The goblin shoots a sling bullet.
The sling bullet hits you but does no damage.
You barely miss the orc wizard.
The orc wizard hits you but does no damage.
The goblin shoots a sling bullet.
The sling bullet hits you but does no damage.
The orc wizard hits you but does no damage.
You hit the orc wizard.
The orc wizard is moderately wounded.
The goblin shoots a sling bullet.
The sling bullet hits you but does no damage.
The orc wizard hits you but does no damage.
The goblin shoots a sling bullet.
You block the sling bullet.
You closely miss the orc wizard.
The orc wizard is moderately wounded.
The orc wizard hits you with a +0 dagger.
You die...

.. .# .#.. .##.##... .
[....... .. .......#..
........ . ...##.# ..#
o.....###....
............. #### ######
.....[..##....#.@###....#
=..............o))g....#
#.........#......###..#..#
......##.$......####.#...#
...............#....g#####
..#.#..........##....#...#
..###.........##.#...)#..#
... .........# #..#.o..#.#
... .## #...#....##


You could see an orc wizard and a goblin.

Vanquished Creatures
  A gnoll bouda (D:3)
  An iguana (D:4)
  An adder (D:2)
  7 gnolls (D:3)
  2 worms
  4 dart slugs
  4 orcs
  6 ball pythons
  3 bats
  5 endoplasms
  4 giant cockroaches
  4 goblins
  4 hobgoblins
  4 jackals (D:2)
  3 quokkas
  2 frilled lizards
  7 kobolds
  3 rats
65 creatures vanquished.

Vanquished Creatures (others)
  A hobgoblin (D:4)
1 creature vanquished.

Grand Total: 66 creatures vanquished

Notes
Turn   | Place    | Note
-------+----------+-------------------------------------------
     0 | D:1      | SensoryNuts the Gargoyle Fighter began the quest for the
                  | Orb.
     0 | D:1      | Reached XP level 1. HP: 14/14 MP: 1/1
    90 | D:1      | Found a faded altar of an unknown god.
   135 | D:1      | Found Higgiydi's Book Shop.
   256 | D:1      | Reached XP level 2. HP: 18/19 MP: 2/2
   700 | D:2      | Reached XP level 3. HP: 18/23 MP: 3/3
  1426 | D:3      | Reached XP level 4. HP: 25/29 MP: 4/4
  1490 | D:3      | HP: 1/29 [gnoll/+0 halberd[a gnoll bouda] (9)]
  2222 | D:3      | Found an iron altar of Okawaru.
  2272 | D:3      | Reached XP level 5. HP: 33/33 MP: 5/5
  2999 | D:3      | Found a hazy altar of Hepliaklqana.
  3347 | D:4      | Found a shimmering blue altar of Sif Muna.
  3348 | D:4      | Found a burning altar of Makhleb.
  3351 | D:4      | Identified the +2 leather armour of Hadjma {Regen+ Str-4
                  | Slay+2 SInv}
  3561 | D:4      | Noticed an ogre
  3575 | D:4      | Found a white marble altar of Elyvilon.
  3621 | D:4      | HP: 1/33 [orc wizard/+0 dagger (1)]
  3625 | D:4      | Slain by an orc wizard

Illustrated notes

Levels and vault maps discovered:
D:1:      giann_wishing_wells, layout_basic,
          shapermc_ecumenical_altar_mp_ritualfount, serial_shops, shop_statue,
          minmay_fountain_box
D:2:      layout_basic
D:3:      layout_rooms, mainiacjoe_overflow_24_doors, lemuel_doored_altar,
          fountainhead, minivault_26
D:4:      layout_cave_pools, mainiacjoe_overflow_alcove_2,
          nicolae_overflow_crystal_walls,
          mainiacjoe_overflow_concentric_impassable,
          mainiacjoe_overflow_small_starburst, corexii_hall_statues_x,
          hangedman_decor_diamond_cutter

Skill      XL: |  1  2  3  4  5 |
---------------+----------------+-----
Axes           | 2 3 4 |  4.0
Armour         | 4 |  4.5
Fighting       | |  3.8
Dodging        | |  0.5
Shields        | |  3.7

Action                   |  1- 3 |  4- 6 || total
-------------------------+-------+-------++-------
Melee: War axe           |    87 |   104 ||   191
  Use: Scroll            |       |    14 ||    14
       Potion            |       |     8 ||     8
Armor: Scale mail        |     6 |       ||     6
       Plate armour      |    92 |   120 ||   212
Dodge: Dodged            |    33 |    37 ||    70
Block: Buckler           |    21 |    24 ||    45

Table legend: (Time is in decaauts)
 A = Elapsed time spent in this place.
 B = Non-inter-level travel time spent in this place.
 C = Inter-level travel time spent in this place.
 D = Time resting spent in this place.
 E = Time spent auto-exploring this place.
 F = Levels seen in this place.
 G = Mean time per level.
                   A        B        C        D        E       F      G
               +--------+--------+--------+--------+--------+-----+--------+
         Total |   3665 |   3606 |     59 |    282 |   2626 |   4 |  916.2 |
       Dungeon |   3665 |   3606 |     59 |    282 |   2626 |   4 |  916.2 |
               +--------+--------+--------+--------+--------+-----+--------+

Top non-repeatable levels by time:
     D:2: 1437 daAuts
     D:3: 1218 daAuts
     D:1: 667 daAuts
     D:4: 342 daAuts
